 Dungeon Crawl Stone Soup version 0.28.0-53-g5a82cb258f (webtiles) character file.

Game seed: 11104420529385222284

70 safid the Digger (level 4, 0/26 HPs)
             Began as a Gargoyle Earth Elementalist on Aug 31, 2022.
             Slain by Sigmund
             ... wielding a +0 scythe
              (1 damage)
             ... on level 2 of the Dungeon.
             The game lasted 00:02:57 (2372 turns).

safid the Digger (Gargoyle Earth Elementalist)      Turns: 2372, Time: 00:02:57

Health: 0/26       AC:  7    Str: 11    XL:     4   Next: 22%
Magic:  7/8        EV: 12    Int: 18    God:
Gold:   112        SH:  0    Dex: 10    Spells: 7/8 levels left

rFire   . . .      SeeInvis .   j - +0 short sword
rCold   . . .      Faith    .   (no shield)
rNeg    + . .      Spirit   .   b - +0 robe
rPois   ∞          Reflect  .   (no helmet)
rElec   +          Harm     .   (no cloak)
rCorr   .          Rampage  .   (no gloves)
Will    .....                   f - +1 pair of boots
Stlth   ++........              (no amulet)
HPRegen 0.08/turn               (no ring)
MPRegen 0.11/turn               (no ring)

@: no status effects
A: sickness immunity, AC +3, negative energy resistance 1, electricity
resistance, torment resistance 1, petrification resistance
a: no special abilities


You were on level 2 of the Dungeon.
You visited 1 branch of the dungeon, and saw 2 of its levels.

You collected 112 gold pieces.

Inventory:

Hand Weapons
 d - a +0 dagger
 j - a +0 short sword (weapon)
Missiles
 c - 28 stones
Armour
 b - a +0 robe (worn)
 f - a +1 pair of boots (worn)
Scrolls
 a - 2 scrolls of teleportation {unknown}
 e - 2 scrolls of fog {unknown}
 g - 3 scrolls of blinking {unknown}
 i - 2 scrolls of vulnerability {unknown}
 l - a scroll of identify {unknown}
 n - a scroll of magic mapping {unknown}
Potions
 h - a potion of haste {unknown}
 k - 2 potions of heal wounds {unknown}
 m - a potion of attraction {unknown}


   Skills:
 + Level 1.9 Fighting
 - Level 2.0 Dodging
 - Level 2.1 Stealth
 + Level 2.7 Spellcasting
 - Level 1.0 Transmutations
 + Level 4.4 Earth Magic


You had 7 spell levels left.
You knew the following spells:

 Your Spells              Type           Power      Damage    Failure   Level
a - Sandblast             Erth           36%        2d10      2%          1

Your spell library contained the following spells:

 Spells                   Type           Power      Damage    Failure   Level
 Passwall                 Tmut/Erth      10%        N/A       9%          2
 Animate Skeleton         Necr           4%         N/A       17%         1
 Pain                     Necr           8%         1d4       17%         1
 Stone Arrow              Conj/Erth      20%        3d8       21%         3
 Vampiric Draining        Necr           2%         2d6       45%         3
 Petrify                  Tmut/Erth      12%        N/A       50%         4


Dungeon Overview and Level Annotations

Branches:
Dungeon (2/15)

Altars:

Annotations:
D:2 Sigmund


Innate Abilities, Weirdness & Mutations

You are immune to sickness and miasma.
Your stone body is resilient. (AC +3)
You are immune to poison.
You resist negative energy. (rN+)
You are resistant to electric shocks. (rElec)
You are resistant to unholy torment.
You are immune to petrification.


Message History

The giant cockroach is heavily wounded.
The giant cockroach barely misses you. Sigmund closely misses you.
The giant cockroach bites you but does no damage.
You hit the giant cockroach but do no damage.
The giant cockroach is heavily wounded.
The giant cockroach bites you but does no damage.
Sigmund barely misses you.
Unknown command.
You hit the giant cockroach.
You kill the giant cockroach!
Unknown command.
Casting: Sandblast (safe; 2% risk of failure)
Confirm with . or Enter, or press ? or * to list all spells.
Aiming: Sandblast (safe; 2% risk of failure)
Press: ? - help, Shift-Dir - straight line, f - Sigmund
Aim: Sigmund, wielding a +0 scythe and wearing a +0 robe (77% to hit)
The blast of sand hits Sigmund.
Sigmund is lightly wounded.
Sigmund gestures wildly while chanting.
Sigmund flickers and vanishes!
Deactivating autopickup; reactivate with Ctrl-A.
Casting: Sandblast (safe; 2% risk of failure)
Confirm with . or Enter, or press ? or * to list all spells.
You can't see any susceptible monsters within range! (Use Z to cast anyway.) Unknown command.
You hear some strange, mumbled words.
A puff of flame appears from out of thin air!
The puff of flame hits you but does no damage.
You see here a giant cockroach corpse.
No target in view!
No target in view!
You closely miss something. Something hits you.
You closely miss something. Something hits you!
* * * LOW HITPOINT WARNING * * *
You miss something. Something hits you.
* * * LOW HITPOINT WARNING * * *
You hit something.
Unknown command.
Something hits you.
You die...

.....##
#...........B..
......#
#..............
......#
#............@.
......#
##.............
.##.#.##
##......#.
.##.#..# ##..##.#
....##.# #..###{#
..####)# ##.## #†#
.## #.###..# #@#
..####..##.#####.#
..##.............#
.....##.##.#######
..#####....# ..#
###..# ..# #..#
..# #..# ..# ##.#


There were no monsters in sight!

Vanquished Creatures
  Jessica (D:2)
  2 bats (D:2)
  3 endoplasms
  4 giant cockroaches
  4 goblins (D:1)
  5 hobgoblins
  4 kobolds
  2 quokkas (D:1)
  7 ball pythons
  2 frilled lizards (D:2)
  9 rats
43 creatures vanquished.

Notes
Turn   | Place    | Note
-------+----------+-------------------------------------------
     0 | D:1      | safid the Gargoyle Earth Elementalist began the quest for
                  | the Orb.
     0 | D:1      | Reached XP level 1. HP: 10/10 MP: 3/3
   766 | D:1      | Reached skill level 1 in Transmutations
   766 | D:1      | Reached XP level 2. HP: 15/16 MP: 5/5
   901 | D:1      | Found a faded altar of an unknown god.
  1371 | D:1      | Reached skill level 1 in Fighting
  1520 | D:1      | Reached skill level 4 in Earth Magic
  1520 | D:1      | Reached XP level 3. HP: 15/20 MP: 3/6
  1789 | D:2      | Noticed Jessica
  1806 | D:2      | Killed Jessica
  1863 | D:2      | Reached XP level 4. HP: 18/26 MP: 7/7
  2351 | D:2      | Noticed Sigmund
  2370 | D:2      | HP: 1/26 [something (6)]
  2372 | D:2      | Slain by Sigmund

Illustrated notes

Levels and vault maps discovered:
D:1:      evilmike_arrival_fibonacci_small, layout_loops_corners, serial_rivers,
          chequers_serial_rivers_small_a, chequers_serial_rivers_large_b,
          chequers_serial_rivers_room_a, chequers_serial_rivers_micro_d,
          chequers_serial_rivers_marsh, chequers_serial_rivers_small_a,
          basic_ecumenical_altar
D:2:      layout_rooms, uniq_jessica, uniq_sigmund

Skill      XL: |  1  2  3 |
---------------+----------+-----
Transmutations | 1 |  1.0
Fighting       | 1 |  1.9
Earth Magic    | 4 |  4.4
Dodging        | 2 |  2.0
Stealth        | |  2.1
Spellcasting   | |  2.7

Action                   |  1- 3 |  4- 6 || total
-------------------------+-------+-------++-------
Melee: Unarmed           |    32 |       ||    32
       Dagger            |    44 |       ||    44
       Punch             |     2 |       ||     2
       Short sword       |    36 |    44 ||    80
 Cast: Sandblast         |    21 |     1 ||    22
 Stab: Sleeping          |     2 |       ||     2
Armor: Robe              |    40 |    27 ||    67
Dodge: Dodged            |    68 |    42 ||   110
